Map: 2000 Atmospheres LE

Players

A.I. 2 (Very Easy) - Winner!

  • Race: Zerg Zerg

llllllllllll

  • Race: Protoss Protoss
  • League: Master

VOD

Have the link to the VOD?

Description

Time

  • Played on: April 8, 2022, 7:36 p.m.
  • Length: 5:29
Show
View Real Time Build Order
Export as new Build Order

A.I. 2 (Very Easy) Zerg - Winner!

Build Orders: Hatch First 

Get SALT Encoding   

  12  0:01  Drone  
  13  0:12  Overlord  
  13  0:16  Drone  
  14  0:40  Hatchery  
  13  0:45  Drone  
  14  1:02  Spawning Pool  
  13  1:05  Drone  
  13  1:08  Extractor  
  13  1:12  Drone  
  14  1:19  Overlord  
  14  1:49  Zergling x2  
  14  1:50  Queen  
  14  1:51  Zergling x2  
  18  1:57  Roach Warren  
  17  2:03  Drone  
  17  2:06  Extractor  
  17  2:10  Drone  
  17  2:15  Zergling x2  
  19  2:21  Drone  
  20  2:28  Drone  
  21  2:35  Drone  
  22  2:42  Drone  
  23  2:49  Drone  
  24  2:56  Drone  
  25  3:03  Roach  
  25  3:04  Drone  
  28  3:08  Overlord  
  28  3:13  Drone  
  29  3:20  Drone  
  30  3:27  Drone  
  31  3:34  Drone  
  31  3:40  Overlord  
  32  3:44  Drone  
  33  3:50  Lair  
  33  3:51  Roach, Drone  
  36  4:01  Drone  
  37  4:08  Drone  
  38  4:15  Drone  
  39  4:22  Drone  
  40  4:30  Drone  
  40  4:31  Overlord  
  41  4:37  Drone  
  42  4:39  Roach  
  42  4:44  Drone  
  42  4:45  Queen  
  43  4:49  Overseer  
  43  4:51  Overseer, Drone  
  41  4:59  Drone  
  33  5:06  Drone  
  19  5:07  Zergling x2  
  19  5:13  Drone  
Show
View Real Time Build Order
Export as new Build Order

llllllllllll Protoss 

Build Orders: 1 Gate Expand, Mass Adepts 

Get SALT Encoding   

  12  0:00  Probe  
  13  0:15  Pylon  
  13  0:17  Probe  
  14  0:29  Probe  
  15  0:36  Gateway  
  15  0:41  Probe (Chrono Boost)  
  16  0:46  Assimilator  
  16  0:53  Probe (Chrono Boost)  
  17  0:59  Probe (Chrono Boost)  
  18  1:08  Probe  
  19  1:20  Probe  
  20  1:27  Nexus  
  20  1:36  Cybernetics Core  
  20  1:41  Assimilator  
  20  1:48  Pylon  
  20  1:50  Probe  
  21  2:02  Probe  
  22  2:10  Adept (Chrono Boost)  
  22  2:13  Warp Gate  
  22  2:14  Probe  
  25  2:26  Probe  
  25  2:29  Twilight Council  
  26  2:31  Adept (Chrono Boost)  
  28  2:38  Probe  
  28  2:39  Probe  
  30  2:51  Probe x2  
  32  2:52  Robotics Facility  
  32  3:05  Gateway  
  32  3:07  Gateway  
  32  3:11  Gateway  
  32  3:15  Probe x2  
  32  3:18  Resonating Glaives (Chrono Boost)  
  34  3:27  Probe x2  
  36  3:36  Warp Prism (Chrono Boost)  
  36  3:39  Probe  
  36  3:40  Probe  
  40  3:47  Pylon  
  40  3:51  Probe  
  40  3:52  Probe, Pylon  
  42  4:05  Adept x3  
  42  4:06  Adept  
  50  4:10  Probe x2  
  50  4:14  Observer (Chrono Boost)  
  53  4:18  Pylon x2  
  53  4:29  Adept  
  53  4:30  Adept x3  
  61  4:36  Probe x2  
  63  4:44  Immortal (Chrono Boost)  
  63  4:48  Probe x2  
  69  4:54  Assimilator  
  69  4:55  Pylon  
  69  4:56  Assimilator  
  67  5:00  Probe x2  
  67  5:07  Pylon  
  73  5:24  Nexus  
  73  5:27  Pylon  
Tags
 
Add a new tag
Caveats
  • Supply blocks, unpowered buildings, or Contaminate may cause inaccurate times.
  • Supply counts are checked every 10 seconds.